[Event "Late-Titled-Tuesday-Blitz-December-26-2023"]
[Site "Chess.com"]
[Date "2023.12.26"]
[Round "10"]
[White "GMKrikor"]
[Black "Jospem"]
[Result "0-1"]
[WhiteElo "2836"]
[BlackElo "3079"]
[TimeControl "180+1"]
[EndTime "15:55:00 PST"]
[Termination "Jospem won on time"]

1. Nf3 c5 2. c4 Nc6 3. Nc3 g6 4. d4 cxd4 5. Nxd4 Bg7 6. e3 Nf6 7. Nc2 d6 8. Be2 O-O 9. e4 Nd7 10. Bd2 Nc5 11. f3 a5 12. O-O Be6 13. Kh1 a4 14.
Rb1 Na5 15. Na3 Nc6 16. Be3 Qa5 17. Nd5 Rfc8 18. Nb5 Qd8 19. Qd2 Bxd5 20. exd5 Ne5 21. Rbc1 Ned7 22. Rfe1 Qa5 23. Qc2 Na6 24. Bd2 Qd8 25.
Bc3 Bxc3 26. Qxc3 Nf6 27. Bd3 Nxd5 28. Qd4 Nf6 29. Rc2 Nc5 30. Rce2 e5 31. Qe3 d5 32.
Bb1 dxc4 33. Qxe5 Nd3 34. Bxd3 cxd3 35. Rd2 Rc2 36. Rdd1 Ra6 37. Nd4 Rc7 38. Rxd3 Rd7 39. Red1 Rad6 40. h3 Qb6 41. Qe3 Qc5 42. a3 Qc4 43.
Rc3 Qd5 44. Rcd3 Qc5 45. Qd2 Qb6 46. Qe3 Qxb2 47. Kh2 Qb6 48. Qe5 Rd5 49. Qb8+ Kg7 50. Qf4 Nh5 51. Qe3 Qd6+ 52. Kg1 Qf6 53. R3d2 Nf4 54.
Kh1 h5 55. Qf2 h4 56. Qe3 Nh5 57. Kg1 Ng3 58. Qf2 Rxd4 59. Rxd4 Ne2+ 60. Qxe2 Rxd4 61.
Rxd4 Qxd4+ 62. Kh2 Qd6+ 63. Kh1 Qxa3 64. Qe5+ Kh7 65. Qf6 Qc1+ 66. Kh2 Qc4 67. f4 a3 68.
Qxh4+ Kg7 69. Qg5 Qd4 70. f5 Qe5+ 71. Kh1 a2 72. f6+ Qxf6 0-1

[Event "Late-Titled-Tuesday-Blitz-December-26-2023"]
[Site "Chess.com"]
[Date "2023.12.26"]
[Round "10"]
[White "vugarrasulov"]
[Black "Msb2"]
[Result "1/2-1/2"]
[WhiteElo "2950"]
[BlackElo "3020"]
[TimeControl "180+1"]
[EndTime "15:55:17 PST"]
[Termination "Game drawn by repetition"]

1. d4 d5 2. c4 e6 3. Nc3 Bb4 4. Nf3 Nf6 5. Bg5 h6 6. Bxf6 Qxf6 7. Qb3 c5 8. cxd5 exd5 9. dxc5 Bxc3+ 10. Qxc3 Qxc3+ 11.
bxc3 O-O 12. O-O-O Be6 13. Nd4 Rc8 14. e4 Rxc5 15.
Nxe6 fxe6 16. exd5 exd5 17. Rxd5 Rxc3+ 18. Kb2 Rc8 19. Bb5 Nc6 20. Rhd1 a6 21. Bc4 Kh8 22. Bb3 b5 23.
Rc5 Na5 24. Rxc8+ Rxc8 25. Rd6 Nxb3 26. axb3 a5 27. Ra6 a4 28. bxa4 bxa4 29. Rxa4 Rf8 30. f3 Rc8 31. Re4 Kh7 32. Kb3 h5 33. Rc4 Re8 34.
Rc2 g6 35. Kc3 Kg7 36. Kd3 Rd8+ 37. Ke3 Re8+ 38. Kf2 Re7 39. Re2 Ra7 40. f4 Ra4 41. Kf3 Ra3+ 42. Re3 Ra4 43. h3 Kf6 44. Rb3 Ra6 45.
Kg3 Ra4 46. Re3 Kf5 47. Re5+ Kf6 48. Kf3 Ra3+ 49. Re3 Ra4 50. g3 Rb4 51. Rc3 Rb6 52.
g4 hxg4+ 53. hxg4 Ra6 54. g5+ Kf7 55. Rc4 Ra7 56. Ke4 Re7+ 57. Kd5 Rd7+ 58. Ke5 Re7+ 59.
Kd6 Re6+ 60. Kd5 Re7 61. Rb4 Rd7+ 62. Ke5 Re7+ 63. Kd6 Re6+ 64. Kd5 Re7 65. Rb6 Rd7+ 66. Rd6 Ra7 67. Rf6+ Kg7 68. Rc6 Kf7 69. Kd6 Ra5 70.
Rc7+ Kg8 71. Rc5 Ra8 72. Ke6 Rf8 73. Rc4 Rf5 74. Rd4 Kg7 75. Rb4 Kg8 76. Re4 Kg7 77. Kd6 Kg8 78. Ke7 Kg7 79. Kd7 Kg8 80. Re8+ Kg7 81. Re7+ Kg8 82. Re4 Kg7 83. Ke7 Kg8 84. Ke6 Kg7 85. Kd6 Kg8 86. Re8+ Kg7 87. Re7+ Kg8 88.
Re6 Kg7 89. Re4 1/2-1/2

[Event "Late-Titled-Tuesday-Blitz-December-26-2023"]
[Site "Chess.com"]
[Date "2023.12.26"]
[Round "10"]
[White "HajiyevKanan"]
[Black "Byniolus"]
[Result "1/2-1/2"]
[WhiteElo "2641"]
[BlackElo "2806"]
[TimeControl "180+1"]
[EndTime "15:55:23 PST"]
[Termination "Game drawn by stalemate"]

1. d4 d6 2. Nf3 Bg4 3. g3 Bxf3 4. exf3 e6 5. Bg2 c6 6. O-O Nd7 7. f4 g6 8. Nd2 Ngf6 9. c3 Bg7 10. Re1 O-O 11. Ne4 Nxe4 12. Bxe4 d5 13. Bf3 Qb6 14. Qb3 c5 15. dxc5 Nxc5 16. Qxb6 axb6 17. a3 d4 18. cxd4 Bxd4 19. Rb1 Rfd8 20. Be3 Bxe3 21. Rxe3 Rd2 22. b4 Nd3 23. Rd1 Rxd1+ 24. Bxd1 Nb2 25. Be2 Rc8 26.
Rb3 Rc2 27. Bf3 Rd2 28. Bxb7 Nd3 29. a4 Nxf2 30. a5 bxa5 31. bxa5 Nh3+ 32. Kf1 Rf2+ 33. Ke1 Ra2 34. a6 Kg7 35. Rf3 h5 36. Kd1 Kf6 37. Kc1 Ng1 38. Re3 Ne2+ 39. Rxe2 Rxe2 40. a7 Ra2 41.
a8=Q Rxa8 42. Bxa8 e5 43. Kd2 exf4 44. gxf4 g5 45. Ke3 gxf4+ 46. Kxf4 Kg7 47. Kg5 f6+ 48. Kxh5 f5 49. Kg5 f4 50. Bf3 Kh8 51. h4 Kg8 52.
Kh6 Kh8 53. h5 Kg8 54. Be4 Kh8 55. Kg5 Kg8 56. Kxf4 Kh8 57. Kg4 Kg8 58. Kg5 Kh8 59. Bg6 Kg8 60. Bf5 Kh8 61. Bg4 Kg8 62. Kh4 Kh8 63. Kh3 Kg8 64. Kh2 Kh8 65. Kh1 Kg8 66. Kg1 Kh8 67. Kf1 Kg8 68. Ke1 Kh8 69. Kd1 Kg8 70. Kc1 Kh8 71. Kb1 Kg8 72. Ka1 Kh8 73.
Ka2 Kg8 74. Ka3 Kh8 75. Ka4 Kg8 76. Ka5 Kh8 77. Ka6 Kg8 78. Ka7 Kh8 79. Kb7 Kg8 80. Kc7 Kh8 81. Kd7 Kg8 82. Ke7 Kh8 83. Kf7 Kh7 84. Kf8 Kh8 85. Bf3 Kh7 86. Kf7 Kh8 87. Kg6 Kg8 88. h6 Kh8 89. Be4 Kg8 90. Kg5 Kh8 91. Kg4 Kg8 92. Kg3 Kh8 93. Kh2 Kg8 94. Kh1 Kh8 95. Kg1 Kg8 96. Kf1 Kh8 97. Ke1 Kg8 98. Kd1 Kh8 99. Kc1 Kg8 100. Kb1 Kh8 101. Ka1 Kg8 102. Ka2 Kh8 103. Ka3 Kg8 104. Ka4 Kh8 105. Ka5 Kg8 106. Ka6 Kh8 107. Ka7 Kg8 108. Ka8 Kh8 109. Kb8 Kg8 110. Kc8 Kh8 111. Kd8 Kg8 112. Ke8 Kh8 113.
Ke7 Kg8 114. Kf6 Kh8 115. Kg5 Kg8 116. h7+ Kh8 117. Kh5 Kg7 118. Kh4 Kh8 119. Kh3 Kg7 120. Kh2 Kh8 121. Kh1 Kg7 122. Kg1 Kh8 123. Kf1 Kg7 124. Ke1 Kh8 125. Ke2 Kg7 126. Ke3 Kh8 127. Kd3 Kg7 128. Kc3 Kh8 129. Kc4 Kg7 130. Kd4 Kh8 131. Kd5 Kg7 132. Kc5 Kh8 133. Kc6 Kg7 134. Kb6 Kh8 135. Kb7 Kg7 136. Ka7 Kh8 137. Ka8 Kg7 138. Kb8 Kh8 139. Kc8 Kg7 140. Kd8 Kh8 141. Ke8 Kg7 142. Ke7 Kh8 143. Ke6 Kg7 144. Ke5 Kh8 145. Kf4 Kg7 146. Kg5 Kh8 147. Bg6 Kg7 148. Kh4 Kh8 149. Kh3 Kg7 150. Kg2 Kh8 151. Kf3 Kg7 152. Ke4 Kh8 153. Kf5 Kg7 154. Ke6 Kh8 155. Ke7 Kg7 156. Ke8 Kh8 157. Kf8 1/2-1/2

[Event "Late-Titled-Tuesday-Blitz-December-26-2023"]
[Site "Chess.com"]
[Date "2023.12.26"]
[Round "10"]
[White "Alex_Banzea"]
[Black "wild3000"]
[Result "1-0"]
[WhiteElo "2622"]
[BlackElo "2469"]
[TimeControl "180+1"]
[EndTime "15:55:24 PST"]
[Termination "Alex_Banzea won by checkmate"]

1. e4 a6 2. d3 b5 3. Be2 Bb7 4.
Nd2 g6 5. Nf1 Bg7 6. g4 c5 7. Ng3 Nf6 8. h4 d6 9. h5 h6 10. hxg6 fxg6 11. Be3 Nbd7 12. Qd2 Ne5 13. Bxh6 Bxh6 14. Rxh6 Rg8 15. g5 Nfg4 16. Rh4 Kd7 17. Bxg4+ Nxg4 18. Rxg4 Rh8 19. O-O-O Qg8 20. N1e2 Qxa2 21.
Nc3 Qa1+ 22. Nb1 a5 23. d4 c4 24. d5 b4 25. Qd4 Rhc8 26. c3 a4 27. Qb6 Rab8 28. Qxb4 Bxd5 29. Qa3 Qxa3 30. Nxa3 Be6 31. Rf4 Rh8 32. e5 Rh2 33. exd6 exd6 34. Rfd4 Rxf2 35. Rxd6+ Ke7 36. Nc2 Bf5 37. Nxf5+ gxf5 38. Rd7+ Ke8 39. g6 Rg2 40. g7 f4 41. Nb4 f3 42. R7d4 Rxg7 43.
Rf4 Rf7 44. Rxf7 Kxf7 45. Rf1 Ke6 46. Rxf3 Kd6 47. Rf4 Kc5 48. Rf5+ Kb6 49. Rf4 Kb5 50. Rf5+ Kb6 51. Nd5+ Kc6 52. Ne3 a3 53. bxa3 Rb3 54.
Kc2 Rxa3 55. Nxc4 Ra2+ 56. Kd3 Rg2 57. Ne3 Rg6 58. Kd4 Rh6 59. c4 Rd6+ 60. Rd5 Rh6 61. Kc3 Rh3 62. Rd3 Kc5 63. Nd5 Rh8 64. Nb4 Rh4 65.
Rd5+ Kb6 66. Nd3 Kc6 67. Rd4 Rh3 68. c5 Kb5 69. Rb4+ Kc6 70. Rb6+ Kd5 71. Rd6+ Ke4 72. Kc4 Rh8 73. c6 Ra8 74. Kc5 Ra3 75. c7 Rc3+ 76. Kb6 Rb3+ 77. Kc6 Rc3+ 78. Kd7 Ke3 79. Rc6 Rxd3+ 80.
Ke6 Ke4 81. c8=Q Rd4 82. Rc4 Kf3 83. Rxd4 Ke3 84. Qc3+ Kf2 85. Rd2+ Kf1 86. Qc1# 1-0

[Event "Late-Titled-Tuesday-Blitz-December-26-2023"]
[Site "Chess.com"]
[Date "2023.12.26"]
[Round "10"]
[White "Anar_Aliakbarov"]
[Black "Fan_Of_Chucky"]
[Result "1-0"]
[WhiteElo "2542"]
[BlackElo "2470"]
[TimeControl "180+1"]
[EndTime "15:55:29 PST"]
[Termination "Anar_Aliakbarov won by resignation"]

1. d4 Nf6 2. c4 g6 3. Nc3 d6 4. e4 Bg7 5. Nf3 O-O 6. Be2 e5 7. O-O exd4 8. Nxd4 Re8 9. f3 Na6 10.
Be3 Nc5 11. b4 Ne6 12. Qd2 c6 13. Rfd1 d5 14. exd5 cxd5 15. c5 Nxd4 16. Bxd4 Be6 17. Nb5 a6 18. Nd6 Re7 19. Qc3 Nh5 20. Bf1 Qc7 21. a4 Rd7 22. Rac1 Bf8 23. g4 Bxd6 24.
cxd6 Qxc3 25. Rxc3 Ng7 26. Be5 Ne8 27. h4 Nxd6 28.
h5 Nc4 29. hxg6 hxg6 30. Bxc4 dxc4 31. Rxd7 Bxd7 32. Rxc4 Bxa4 33. g5 Bc6 34. Rh4 f6 35.
Bxf6 Kf7 36. Kf2 Ke6 37. Rh7 Kf5 38. Be7 Re8 39. Kg3 b6 40. Rf7+ Ke5 41. Rf6 Rxe7 42. Rxc6 Re6 43. Rc7 Kf5 44. f4 Re3+ 45. Kf2 Re4 46.
Rf7+ Kg4 47. Rf6 Rxf4+ 48. Ke3 Rf5 49. Rxg6 Rf3+ 50. Kd4 Rf4+ 51. Kc3 Rf3+ 52. Kb2 Rf4 53. Kb3 b5 54. Rxa6 Rf3+ 55. Kc2 Kxg5 56. Rc6 Rf5 57. Kd3 Kf4 58. Kd4 Kf3 59. Rc5 Rf4+ 60. Kc3 Ke3 61. Rxb5 Ke4 62. Kc4 Rf1 63. Rb8 Rc1+ 64. Kb5 Kd5 65.
Rd8+ Ke6 66. Rd2 Rc8 67. Ka6 Rc1 68. b5 Ra1+ 69. Kb7 Ke7 70. b6 Ke6 71. Kc7 Ke7 72.
b7 Rc1+ 73. Kb8 Ke8 74. Rd4 Ke7 75. Ka7 Ra1+ 76. Kb6 Rb1+ 77. Ka6 Ke6 78. Rd8 Ra1+ 79. Kb6 Rb1+ 80. Ka7 Ra1+ 81. Kb8 Ke7 82. Rd4 Ke8 83. Kc7 Rc1+ 84. Kb6 Rb1+ 85. Kc6 Rc1+ 86. Kb5 Rd1 87.
Rxd1 1-0

[Event "Late-Titled-Tuesday-Blitz-December-26-2023"]
[Site "Chess.com"]
[Date "2023.12.26"]
[Round "10"]
[White "baag"]
[Black "mbojan"]
[Result "1-0"]
[WhiteElo "2862"]
[BlackElo "2891"]
[TimeControl "180+1"]
[EndTime "15:55:31 PST"]
[Termination "baag won on time"]

1. d4 a6 2. c4 g6 3. e4 Bg7 4.
Nf3 d6 5. h3 Nd7 6. Be2 e5 7.
O-O Ngf6 8. Nc3 O-O 9. Re1 exd4 10. Nxd4 Re8 11. Bf1 Nc5 12. Qc2 Bd7 13. Nb3 b6 14.
Bf4 Bc6 15. Nxc5 bxc5 16. Rad1 Nd7 17. Nd5 Bxd5 18. cxd5 Bd4 19. b4 Qf6 20. Be3 Bxe3 21. Rxe3 cxb4 22. Qxc7 Nc5 23. Rde1 Qd8 24. Qxd8 Raxd8 25. f4 f6 26. e5 fxe5 27. fxe5 dxe5 28. Rxe5 Rxe5 29. Rxe5 Rd6 30. Re7 Na4 31. Ra7 Nc3 32. Bxa6 Nxa2 33. Bc4 Nc3 34. Rb7 Kh8 35. Rxb4 Kg7 36.
Rb3 Ne4 37. Re3 Nc5 38. Kf2 Rf6+ 39. Ke2 Rb6 40. Re7+ Kf6 41. Rxh7 Rb2+ 42. Kf3 Nb7 43. Rd7 Nc5 44. Rd6+ Ke5 45. Rxg6 Kd4 46. Rg4+ Ke5 47. h4 Rb1 48. Be2 Rb3+ 49. Kf2 Ne4+ 50. Kg1 Rb1+ 51.
Kh2 Nf2 52. Rg5+ Kf4 53. g3+ Ke3 54. Re5+ Kd4 55. Re8 Ne4 56. Kg2 Rb2 57. Kf3 Nd2+ 58. Kf4 Kxd5 59. Bf3+ Kd6 60. Re3 Nc4 61. Rd3+ Ke7 62.
Be4 Nd6 63. Bf3 Rb4+ 64. Ke3 Nf5+ 65. Kf2 Rb2+ 66. Be2 Kf6 67. h5 Kg5 68. Rd5 Kf6 69. g4 Ne7 70. Rd3 Kg5 71. Re3 Ng8 72. Kg3 Kf6 73.
Kf4 Rb4+ 74. Kg3 Nh6 75. Rf3+ Kg5 76. Rf8 Rb3+ 77. Bf3 Rb1 78. Rd8 Rf1 79. Rd5+ Kf6 80. g5+ Kg7 81. gxh6+ Kxh6 82. Rd6+ Kg5 83. Rg6+ Kf5 84.
Bg4+ Ke5 85. Kh4 Rh1+ 86. Kg5 Ra1 87. Re6+ Kd5 88. Re8 Ra7 89. h6 Re7 90. Rxe7 Kd6 91. Re6+ Kc5 92. h7 1-0

[Event "Late-Titled-Tuesday-Blitz-December-26-2023"]
[Site "Chess.com"]
[Date "2023.12.26"]
[Round "10"]
[White "ExchangeAB"]
[Black "slidingknight2775"]
[Result "1-0"]
[WhiteElo "2502"]
[BlackElo "2656"]
[TimeControl "180+1"]
[EndTime "15:55:42 PST"]
[Termination "ExchangeAB won by checkmate"]

1. Nf3 d5 2. g3 Nf6 3. Bg2 e6 4. O-O Be7 5. c4 O-O 6. b3 b6 7. cxd5 Nxd5 8. Nc3 Nxc3 9. dxc3 Bb7 10. Bf4 c5 11.
Ne5 Bxg2 12. Kxg2 Qc8 13. Qd3 f6 14. Nc4 Qc6+ 15. Qf3 Qxf3+ 16. exf3 Nc6 17. Rfd1 Rfd8 18. Be3 b5 19. Nd2 f5 20. f4 Kf7 21. Nf3 a6 22. Kf1 Rac8 23. Ke2 Bf6 24. Rxd8 Rxd8 25. Rd1 Rxd1 26.
Kxd1 c4 27. Kc2 e5 28. fxe5 Nxe5 29. Nd2 cxb3+ 30. axb3 Ng4 31. Nf1 Nxe3+ 32. Nxe3 Ke6 33. b4 g6 34. Kd3 Bd8 35. Nc2 Bb6 36. f3 Kd5 37. h3 Bf2 38. g4 f4 39. Na1 g5 40. Nb3 Bb6 41. Nd2 h6 42. Ne4 a5 43.
bxa5 Bxa5 44. Nf6+ Ke6 45. Ng8 b4 46. cxb4 Bxb4 47.
Nxh6 Bf8 48. Nf5 Kf6 49. Ke4 Ba3 50. Kd5 Bc1 51. Nd4 Be3 52. Nb3 Bf2 53. Nc5 Be3 54. Ne4+ Kg6 55. Ke6 Bc1 56. Nc5 Be3 57. Nd7 Bc1 58.
Ne5+ Kg7 59. Kf5 Bb2 60. Nc6 Bf6 61. Nb4 Be7 62. Nd5 Bd8 63. Nc3 Be7 64. Ne4 Kh6 65. Ke6 Bd8 66. Kf7 Bc7 67. Ke7 Ba5 68. Kf6 Bb6 69. Kf5 Bd8 70. Nc3 Ba5 71. Ne2 Bc7 72. Nc1 Ba5 73. Nd3 Bc7 74. Ne1 Bd8 75. Ng2 Be7 76. h4 gxh4 77. Nxf4 Bd6 78. Nh3 Bb8 79. f4 Bc7 80. Kf6 Bd8+ 81. Kf7 Ba5 82. g5+ Kh5 83. g6 Bc3 84. f5 Kg4 85. f6 Bxf6 86. Kxf6 Kxh3 87.
g7 Kh2 88. g8=Q h3 89. Qa2+ Kh1 90. Qb1+ Kg2 91. Qc2+ Kg1 92. Qc1+ Kg2 93. Qd2+ Kg1 94. Qe1+ Kg2 95. Qe2+ Kg1 96. Qe3+ Kg2 97. Qe4+ Kg1 98. Qg4+ Kh2 99. Kf5 Kh1 100. Qxh3+ Kg1 101. Qa3 Kh1 102. Qb2 Kg1 103. Kg4 Kh1 104. Kg3 Kg1 105. Qg2# 1-0

[Event "Late-Titled-Tuesday-Blitz-December-26-2023"]
[Site "Chess.com"]
[Date "2023.12.26"]
[Round "10"]
[White "robertoalejandro10"]
[Black "PapaieDudu"]
[Result "1-0"]
[WhiteElo "2570"]
[BlackElo "2498"]
[TimeControl "180+1"]
[EndTime "15:55:45 PST"]
[Termination "robertoalejandro10 won by checkmate"]

1. Nf3 d5 2. c4 e6 3. b3 d4 4. d3 c5 5. g3 Nf6 6. Bg2 Bd6 7. O-O O-O 8. Na3 Nc6 9. Nc2 Re8 10. a3 e5 11. Rb1 h6 12. b4 Bg4 13. bxc5 Bxc5 14. Nb4 Qd7 15. Nd2 Bh3 16. Nxc6 bxc6 17. Qa4 Bxg2 18.
Kxg2 e4 19. Qc2 exd3 20. Qxd3 Ng4 21. Nf3 Re6 22. h3 Nf6 23. Bf4 Rd8 24. Rb3 Bb6 25. Rc1 c5 26. Rcb1 Rde8 27. R3b2 Ne4 28. Re1 Ba5 29. Bd2 Bxd2 30. Nxd2 Nc3 31. Nb1 Ne4 32. Nd2 Ng5 33. Nf3 Nxh3 34. Qf5 Nxf2 35. Ne5 Qc7 36.
Nxf7 Rf6 37. Nxh6+ Kf8 38. Qd5 gxh6 39. Rf1 Qe5 40.
Rxf2 Qxd5+ 41. cxd5 Rxf2+ 42. Kxf2 Rd8 43. Rb7 Rxd5 44.
Rxa7 c4 45. Rc7 c3 46. Kf3 Ra5 47. Rc4 Rxa3 48. Ke4 Ke7 49. Kxd4 c2 50. Rxc2 Rxg3 51.
e3 h5 52. Rh2 Rg5 53. Ke4 Ra5 54. Kf4 Kf6 55. e4 Rb5 56. Rc2 Ke6 57. Rc6+ Kd7 58.
Rh6 Ke7 59. e5 Rb4+ 60. Kf5 h4 61. Rh7+ Kf8 62. Kf6 Rf4+ 63. Kg5 Re4 64. Kf5 Rb4 65. Kf6 Kg8 66. Rh5 Rf4+ 67. Ke7 Re4 68. e6 Kg7 69. Rg5+ Kh6 70. Rg1 h3 71. Kf6 h2 72. Rh1 Re2 73. e7 Kh5 74. Rxh2+ Rxh2 75. e8=Q+ Kh4 76. Qe4+ Kg3 77.
Kg5 Rf2 78. Qe1 Kg2 79. Kg4 Rf1 80. Qe4+ Kg1 81. Qe2 Rf2 82. Qe3 Kf1 83. Kh4 Rg2 84.
Kh3 Rf2 85. Kg3 Re2 86. Qc1+ Re1 87. Qd2 Re2 88. Qd1+ Re1 89. Qf3+ Kg1 90. Qg2# 1-0

[Event "Late-Titled-Tuesday-Blitz-December-26-2023"]
[Site "Chess.com"]
[Date "2023.12.26"]
[Round "11"]
[White "Marcin"]
[Black "SnekkerAndersen"]
[Result "0-1"]
[WhiteElo "2485"]
[BlackElo "2578"]
[TimeControl "180+1"]
[EndTime "15:58:27 PST"]
[Termination "SnekkerAndersen won by resignation"]

1. d4 e6 2. c4 d5 3. Nf3 Nf6 4.
g3 Be7 5. Bg2 O-O 6. Nc3 dxc4 7.
Ne5 c5 8. dxc5 Qa5 9. Nxc4 Qxc5 10. Qb3 Nc6 11. O-O Nd4 12. Qa4 Bd7 0-1

[Event "Late-Titled-Tuesday-Blitz-December-26-2023"]
[Site "Chess.com"]
[Date "2023.12.26"]
[Round "11"]
[White "IgorBjelobrk"]
[Black "monalize"]
[Result "1-0"]
[WhiteElo "2666"]
[BlackElo "2548"]
[TimeControl "180+1"]
[EndTime "15:59:16 PST"]
[Termination "IgorBjelobrk won by resignation"]

1. d4 Nf6 2. c4 d6 3. Nf3 g6 4.
Nc3 Bg7 5. e4 O-O 6. Be2 Nbd7 7.
O-O e5 8. Qc2 c6 9. Rd1 exd4 10.
Nxd4 Qe7 11. f3 a5 12. Bf1 Ne5 13. Be3 Nfd7 14. Qf2 Nc5 15. Rd2 a4 16. Rad1 Re8 17.
Kh1 Qc7 18. Ndb5 cxb5 19. Nxb5 Qc6 20. Rxd6 1-0

[Event "Late-Titled-Tuesday-Blitz-December-26-2023"]
[Site "Chess.com"]
[Date "2023.12.26"]
[Round "11"]
[White "Aguiar94"]
[Black "almaguerjm"]
[Result "1-0"]
[WhiteElo "2558"]
[BlackElo "2478"]
[TimeControl "180+1"]
[EndTime "15:59:25 PST"]
[Termination "Aguiar94 won by resignation"]

1. e4 e5 2. Nf3 Nc6 3. Nc3 Nf6 4. Bb5 Bb4 5. O-O O-O 6. d3 Bxc3 7. bxc3 d6 8. Bg5 Ne7 9. Nh4 c6 10. Bc4 d5 11. exd5 cxd5 12. Bb3 Ng6 13. Nxg6 hxg6 14. f4 Qb6+ 15. Kh1 Ng4 16. fxe5 Nf2+ 17. Rxf2 Qxf2 18.
Bxd5 Be6 19. Bxb7 Rab8 20. Be4 Qc5 21. Qd2 Rfc8 22. c4 Qxe5 23. Re1 Rb6 24. Bxg6 fxg6 25.
Rxe5 1-0

[Event "Late-Titled-Tuesday-Blitz-December-26-2023"]
[Site "Chess.com"]
[Date "2023.12.26"]
[Round "11"]
[White "2KTNGO"]
[Black "Alexei_Gubajdullin"]
[Result "0-1"]
[WhiteElo "2529"]
[BlackElo "2615"]
[TimeControl "180+1"]
[EndTime "15:59:37 PST"]
[Termination "Alexei_Gubajdullin won by resignation"]

1. d4 Nf6 2. Nf3 c5 3. d5 e6 4.
c4 b5 5. Bg5 bxc4 6. Nc3 h6 7.
Bxf6 Qxf6 8. e4 Ba6 9. Qa4 g5 10. Bxc4 Bxc4 11. Qxc4 g4 12. Nd2 Bd6 13. Nb3 O-O 14.
Rd1 Be5 15. O-O d6 16. Nb5 Nd7 17. N5d4 cxd4 0-1

[Event "Late-Titled-Tuesday-Blitz-December-26-2023"]
[Site "Chess.com"]
[Date "2023.12.26"]
[Round "11"]
[White "The_Straightforward_Rook"]
[Black "Smile2005"]
[Result "0-1"]
[WhiteElo "2386"]
[BlackElo "2347"]
[TimeControl "180+1"]
[EndTime "15:59:40 PST"]
[Termination "Smile2005 won by resignation"]

1. e4 g6 2. d4 Bg7 3. Nf3 d6 4.
Bd3 Nc6 5. c3 e5 6. d5 Nce7 7. c4 h6 8. Nc3 f5 9. Qc2 Nf6 10. Nh4 f4 11. g3 g5 12. Ng2 a5 13.
f3 fxg3 14. hxg3 Ng6 15. Be3 b6 16. O-O-O Bd7 17. Kb1 Rb8 18. a4 c6 19. dxc6 Bxc6 20. Bf2 Qd7 21. Ne3 Ne7 22. b3 g4 23. f4 Ng6 24. f5 Ne7 25. Ka2 Nc8 26. Qe2 h5 27. Bc2 Na7 28. Nb5 Nxb5 29. cxb5 Bxe4 30. Bxe4 Nxe4 31. Nxg4 Nc3+ 0-1

[Event "Late-Titled-Tuesday-Blitz-December-26-2023"]
[Site "Chess.com"]
[Date "2023.12.26"]
[Round "11"]
[White "Fore_Man"]
[Black "GMJustin"]
[Result "0-1"]
[WhiteElo "2372"]
[BlackElo "2260"]
[TimeControl "180+1"]
[EndTime "15:59:56 PST"]
[Termination "GMJustin won by resignation"]

1. Nf3 Nf6 2. d4 g6 3. c4 Bg7 4. g3 d5 5. cxd5 Nxd5 6. Bg2 Nb6 7. O-O Nc6 8. e4 Nxd4 9. Nxd4 Qxd4 10. Qc2 c6 11.
Nc3 O-O 12. Be3 Qb4 13. a3 Qc4 14. Rfd1 Be6 15. f4 Qb3 16. Qxb3 Bxb3 17. Rd2 Nc4 18. Re2 Nxe3 19. Rxe3 Bd4 20. Kf2 e5 21. Ke2 Bxe3 22. Kxe3 Rad8 23. f5 Rd6 24. g4 Rfd8 25. g5 Rd3+ 26.
Kf2 Rd2+ 27. Kg1 Rxb2 28. h4 Rdd2 29. Bf3 Rd3 30. Nd1 Rbd2 31. Nf2 Rxf3 0-1

[Event "Late-Titled-Tuesday-Blitz-December-26-2023"]
[Site "Chess.com"]
[Date "2023.12.26"]
[Round "11"]
[White "thesupera12"]
[Black "a-z30"]
[Result "1-0"]
[WhiteElo "2411"]
[BlackElo "2509"]
[TimeControl "180+1"]
[EndTime "16:00:41 PST"]
[Termination "thesupera12 won by checkmate"]

1. d4 Nf6 2. Bg5 e6 3. Nf3 h6 4.
Bxf6 Qxf6 5. c4 Bb4+ 6. Nbd2 O-O 7. a3 Bxd2+ 8. Qxd2 d6 9. g3 e5 10. dxe5 dxe5 11. Bg2 Rd8 12. Qc3 Nc6 13. O-O Be6 14.
b4 e4 15. Qxf6 gxf6 16. Nh4 Bxc4 17. Bxe4 Bxe2 18. Rfc1 Rd7 19. Bxc6 bxc6 20. Rxc6 a5 21. bxa5 Rxa5 22. Rxf6 c5 23. Rxh6 Rc7 24. Re1 Bb5 25. Rd1 c4 26. Rd8+ Kg7 27. Nf5# 1-0

[Event "Late-Titled-Tuesday-Blitz-December-26-2023"]
[Site "Chess.com"]
[Date "2023.12.26"]
[Round "11"]
[White "Jesusesmifuerza"]
[Black "KVAIDAN"]
[Result "0-1"]
[WhiteElo "2208"]
[BlackElo "2384"]
[TimeControl "180+1"]
[EndTime "16:00:48 PST"]
[Termination "KVAIDAN won by resignation"]

1. e4 e5 2. Nf3 d5 3. Nxe5 Bd6 4. d4 dxe4 5. Bc4 Bxe5 6. Qh5 Qe7 7. Qxe5 Qxe5 8.
dxe5 Nc6 9. Bf4 Nge7 10. Nc3 Bf5 11. O-O-O Ng6 12. Bg3 Ngxe5 13. Bb5 O-O 14. Rde1 a6 15. Bxc6 Nxc6 16. Nxe4 Rfe8 17. Nc5 b6 18. Nb3 Nb4 19. Nd4 Bg6 20. a3 Nd5 21. c4 Nf6 22. b3 c5 23. Ne2 b5 24. cxb5 axb5 25. Kb2 c4 26.
Nf4 Bf5 27. Rxe8+ Rxe8 28. f3 g5 29. bxc4 gxf4 30. Bxf4 bxc4 31. Kc3 Bd3 32. a4 Nd5+ 0-1

[Event "Late-Titled-Tuesday-Blitz-December-26-2023"]
[Site "Chess.com"]
[Date "2023.12.26"]
[Round "11"]
[White "FrenchHarvey"]
[Black "Statham_l3"]
[Result "1-0"]
[WhiteElo "2653"]
[BlackElo "2561"]
[TimeControl "180+1"]
[EndTime "16:00:55 PST"]
[Termination "FrenchHarvey won by checkmate"]

1. e4 e5 2. Nf3 Nc6 3. Bb5 a6 4. Ba4 Nf6 5. O-O Be7 6. d3 b5 7. Bb3 O-O 8. Nc3 Bb7 9. Nd5 Na5 10. Nxe7+ Qxe7 11. Bg5 Nxb3 12. axb3 h6 13. Bh4 a5 14.
c4 b4 15. Qd2 c5 16. Qe3 Ra6 17.
h3 Rfa8 18. Nh2 Qd6 19. Bxf6 Qxf6 20. Ng4 Qd6 21. f4 exf4 22. Rxf4 a4 23. bxa4 Rxa4 24. Rxa4 Rxa4 25. e5 Qg6 26. Nf6+ Kh8 27. Rg4 Ra1+ 28. Kh2 Qf5 29. Qxh6+ gxh6 30. Rg8# 1-0

[Event "Late-Titled-Tuesday-Blitz-December-26-2023"]
[Site "Chess.com"]
[Date "2023.12.26"]
[Round "11"]
[White "Skatchkov_V"]
[Black "OneTrickPony_82"]
[Result "0-1"]
[WhiteElo "2588"]
[BlackElo "2512"]
[TimeControl "180+1"]
[EndTime "16:00:57 PST"]
[Termination "OneTrickPony_82 won by resignation"]

1. d4 Nf6 2. c4 e6 3. Nf3 d5 4.
g3 dxc4 5. Bg2 c5 6. O-O Nc6 7. dxc5 Qxd1 8. Rxd1 Bxc5 9. Nbd2 c3 10. bxc3 O-O 11.
Nb3 Be7 12. c4 Bd7 13. Bb2 Rfc8 14. Bxf6 Bxf6 15. Rxd7 Bxa1 16. Nxa1 Rd8 17. Rd2 Na5 18. Nb3 Nxc4 19. Rc2 Rd1+ 20. Bf1 b5 21. Kg2 Rc8 22. Rc3 Rxf1 23. Kxf1 Nd2+ 24. Nfxd2 Rxc3 0-1

[Event "Late-Titled-Tuesday-Blitz-December-26-2023"]
[Site "Chess.com"]
[Date "2023.12.26"]
[Round "11"]
[White "gahryman"]
[Black "Schwindle"]
[Result "1-0"]
[WhiteElo "2663"]
[BlackElo "2425"]
[TimeControl "180+1"]
[EndTime "16:00:59 PST"]
[Termination "gahryman won by resignation"]

1. e4 e6 2. d4 d5 3. e5 c5 4.
Nf3 Nc6 5. Bd3 Bd7 6. O-O Qb6 7. dxc5 Bxc5 8. c3 Qc7 9. Bf4 O-O-O 10. b4 Be7 11. b5 Na5 12. Nbd2 h6 13. Rc1 g5 14. Be3 Kb8 15. Qa4 b6 16. c4 Qb7 17. c5 Bc8 18. cxb6 axb6 19. Nd4 Nc4 20. Nc6+ Kc7 21. Nxc4 dxc4 22. Rxc4 Rxd3 23. Nxe7+ Kd7 24. Nxc8 Ne7 25. Nxe7 Kxe7 26. Qb4+ Ke8 27. Rfc1 1-0

[Event "Late-Titled-Tuesday-Blitz-December-26-2023"]
[Site "Chess.com"]
[Date "2023.12.26"]
[Round "11"]
[White "kasparicy"]
[Black "WPWPWP-2015"]
[Result "0-1"]
[WhiteElo "2488"]
[BlackElo "2596"]
[TimeControl "180+1"]
[EndTime "16:01:21 PST"]
[Termination "WPWPWP-2015 won by resignation"]

1. e4 e5 2. Nf3 Nc6 3. Bc4 Nf6 4.
d3 Be7 5. c3 O-O 6. Bb3 d6 7.
h3 Be6 8. Bc2 h6 9. Nbd2 Qd7 10.
Nf1 d5 11. Qe2 b5 12. g4 dxe4 13. dxe4 Bc4 14. Qe3 Rad8 15. g5 Nh5 16. gxh6 Nf4 17.
Rg1 Bc5 18. Qxc5 Nd3+ 19. Bxd3 Qxd3 20. Rxg7+ Kh8 21. Qxf8+ Rxf8 22. Ng3 Qxf3 23. Be3 Rg8 24. Rxg8+ Kxg8 25. Rd1 Be6 26. b3 Kh7 27. h4 a5 28.
Rd2 b4 29. c4 Nd4 30. Bxd4 exd4 31. Rxd4 Qc3+ 32. Rd2 Bg4 0-1

[Event "Late-Titled-Tuesday-Blitz-December-26-2023"]
[Site "Chess.com"]
[Date "2023.12.26"]
[Round "11"]
[White "gxbg2000"]
[Black "ShahMatKanal"]
[Result "0-1"]
[WhiteElo "2046"]
[BlackElo "2507"]
[TimeControl "180+1"]
[EndTime "16:01:24 PST"]
[Termination "ShahMatKanal won by resignation"]

1. e4 e5 2. Nf3 f5 3. exf5 Nf6 4. d3 Nc6 5. Be2 d5 6. O-O Bxf5 7. Nc3 d4 8. Nb1 Bd6 9. Bg5 h6 10. Bh4 Qd7 11.
Nbd2 Be6 12. a3 a5 13. b3 b5 14. a4 b4 15. Bxf6 gxf6 16. Ne4 Be7 17. Qd2 O-O-O 18. Ne1 f5 19. Ng3 Bg5 20. Qd1 Ne7 21. Bh5 Nd5 22. Nf3 Qd6 23. Bg6 Rhf8 24. Re1 Nc3 25. Nxg5 Nxd1 26. Nxe6 Qxe6 27. Bxf5 Rxf5 28. Nxf5 Nxf2 29. Rad1 Nxd1 0-1